 Dungeon Crawl Stone Soup version 0.30.1-11-g7821555f0a (webtiles) character file.

Game seed: 1960772613426882866

896 Jerry the Shield-Bearer (level 7, -17/71 HPs)
             Began as a Troll Fighter on Dec 10, 2023.
             Was an Initiate of Gozag.
             Demolished by a two-headed ogre
             ... wielding a +0 giant club
              (21 damage)
             ... on level 6 of the Dungeon.
             The game lasted 00:14:59 (4539 turns).

Jerry the Shield-Bearer (Troll Fighter)             Turns: 4539, Time: 00:14:59

Health: -17/71     AC:  4    Str: 27    XL:     7   Next: 79%
Magic:  6/6        EV:  9    Int:  4    God:    Gozag
Gold:   172        SH:  8    Dex:  9    Spells: 6/6 levels left

rFire   . . .        a - +1 flail
rCold   . . .        c - +0 kite shield
rNeg    . . .        b - +0 robe
rPois   .            (helmet restricted)
rElec   .            (no cloak)
rCorr   .            (gloves unavailable)
SInv    .            (boots unavailable)
Will    .....        (no amulet)
Stlth   +            (no ring)
HPRegen 1.11/turn    (no ring)
MPRegen 0.10/turn

%: no passive effects
@: mighty, gold aura
A: large, unfitting armour, claws 3, regeneration 1, shaggy fur 1, tough skin 1
a: Renounce Religion, Potion Petition, Call Merchant, Bribe Branch


You were on level 6 of the Dungeon.
You worshipped Gozag.
Gozag was aware of your devotion.
You visited 2 branches of the dungeon, and saw 7 of its levels.

You collected 275 gold pieces.
You spent 23 gold pieces at shops.
You paid 80 gold pieces to Gozag.

Inventory:

Hand Weapons
 a - a +1 flail (weapon)
Armour
 b - a +0 robe (worn)
 c - a +0 kite shield (worn)
Wands
 r - a wand of charming (5)
Scrolls
 f - 2 scrolls of identify
 h - a scroll of blinking
 i - 2 scrolls of magic mapping
 k - a scroll of vulnerability
 l - a scroll of teleportation
 o - a scroll of noise
Potions
 e - 3 potions of curing
 j - a potion of attraction {unknown}
 m - a potion of brilliance {unknown}
 p - a potion of haste
 q - 2 potions of cancellation
 s - a potion of flight
 t - a potion of heal wounds


   Skills:
 + Level 4.4 Fighting
 + Level 4.3 Maces & Flails
 + Level 4.4 Dodging
 + Level 4.8 Shields


You had 6 spell levels left.
You didn't know any spells.
Your spell library contained the following spells:

 Spells                   Type           Power      Damage    Failure   Level
 Apportation              Tloc           0%         N/A       73%         1
 Beastly Appendage        Tmut           0%         N/A       73%         1
 Necrotise                Necr           0%         1d4       73%         1
 Summon Small Mammal      Summ           0%         N/A       73%         1
 Cigotuvi's Dreadful Rot  Necr/Pois/Air  0%         N/A       86%         2
 Wereblood                Tmut           0%         N/A       86%         2
 Hailstorm                Conj/Ice       0%         3d3       97%         3
 Ignite Poison            Fire/Tmut/Pois 0%         N/A       97%         3
 Spider Form              Tmut/Pois      0%         N/A       97%         3
 Freezing Cloud           Conj/Ice/Air   0%         6-21      100%        5
 Polar Vortex             Ice            0%         N/A       100%        9
 Simulacrum               Ice/Necr       Unusable   N/A       N/A         6

Dungeon Overview and Level Annotations

Branches:
Dungeon (6/15)             Temple (1/1) D:5

Altars:
Ashenzari
Cheibriados
Dithmenos
Elyvilon
Fedhas
Gozag
Hepliaklqana
Kikubaaqudgha
Makhleb
Nemelex Xobeh
Okawaru
Qazlal
Ru
Sif Muna
Vehumet
Wu Jian
Yredelemnul
Zin
The Shining One

Shops:
D:1 *   D:3 (


Innate Abilities, Weirdness & Mutations

You are too large for most types of armour.
You have claws for hands.
Your natural rate of healing is unusually fast.
You are covered in fur. (AC +1)
You have tough skin. (AC +1)


Message History

Found an escape hatch in the ceiling.
No target in view!
A two-headed ogre comes into view. It is wielding two +0 giant clubs.
Found a stone staircase leading down.
You see here a scroll of identify.
There is an open door, spattered with blood here.
You feel very mighty all of a sudden.
You sock the ogre!
The ogre is heavily wounded.
The ogre closely misses you.
You thump the ogre!
The ogre is almost dead.
You sock the ogre!
You kill the ogre!
The two-headed ogre hits you with a +0 giant club!
You block the two-headed ogre's attack.
You bludgeon the two-headed ogre!!
The two-headed ogre is moderately wounded.
The two-headed ogre barely misses you.
The two-headed ogre hits you with a +0 giant club!
You are too injured to fight recklessly!
You are too injured to fight recklessly!
You are too injured to fight recklessly!
You barely miss the two-headed ogre.
The two-headed ogre is moderately wounded.
You block the two-headed ogre's attack. The two-headed ogre barely misses you.
You barely miss the two-headed ogre.
The two-headed ogre is moderately wounded.
The two-headed ogre barely misses you. You block the two-headed ogre's attack.
You hit the two-headed ogre.
The two-headed ogre is heavily wounded.
You bludgeon the two-headed ogre!!
The two-headed ogre is severely wounded.
The two-headed ogre hits you with a +0 giant club!! x2
* * * LOW HITPOINT WARNING * * *
You barely miss the two-headed ogre.
The two-headed ogre is severely wounded.
The two-headed ogre hits you with a +0 giant club!!
You die...
Your body crumbles into a pile of gold.

O>.#.........#...................
. #.........#...................
#.........#.........).........
#.........#...................
#.........#...................
##.##....#####'##...###...###.
#+##....####..########...###.
#....O..#.......#......#..
#.......#@......#......#..
#.......O$......#......#..
#.......#.......#......#..
#.......#.......#......#..
#.......#.......#......#..
#.......#.......#......#..
........##############+###.
###.....# #. ...... #.


You could see a two-headed ogre.

Vanquished Creatures
  A water moccasin (D:6)
  A black bear (D:4)
  2 ogres
  A bullfrog (D:6)
  A scorpion (D:4)
  2 jellies
  2 orc priests (D:5)
  3 iguanas (D:5)
  An orc wizard (D:5)
  Natasha (twice) (D:4)
  4 adders
  2 ufetubi
  A dart slug (D:1)
  13 orcs
  3 endoplasms
  13 goblins
  5 hobgoblins
  8 jackals
  5 quokkas
  5 ball pythons
  5 bats
  4 frilled lizards (D:2)
  7 kobolds
  7 rats
98 creatures vanquished.

Vanquished Creatures (collateral kills)
  An endoplasm (D:4)
1 creature vanquished.

Grand Total: 99 creatures vanquished

Notes
Turn   | Place    | Note
-------+----------+-------------------------------------------
     0 | D:1      | Jerry the Troll Fighter began the quest for the Orb.
     0 | D:1      | Reached XP level 1. HP: 22/22 MP: 0/0
   289 | D:1      | Found Waaq's Assorted Antiques.
   293 | D:1      | Reached XP level 2. HP: 29/29 MP: 1/1
   394 | D:1      | Bought a scroll labelled BYGEAVOI SITA for 23 gold pieces
   905 | D:2      | Reached XP level 3. HP: 19/36 MP: 2/2
   963 | D:2      | Reached XP level 4. HP: 44/44 MP: 3/3
  1947 | D:3      | Found an ornate altar of the Wu Jian Council.
  1954 | D:3      | Noticed a spectral centipede
  1954 | D:3      | Noticed a spectral black mamba
  1954 | D:3      | Noticed a spectral cane toad
  2062 | D:3      | Got the Incunable of the Glacier
  2118 | D:3      | Found Rienymin's Weapon Shop.
  2377 | D:4      | Noticed a scorpion
  2396 | D:4      | Killed a scorpion
  2397 | D:4      | Reached XP level 5. HP: 24/53 MP: 4/4
  2469 | D:4      | Noticed a black bear
  2512 | D:4      | Killed a black bear
  2513 | D:4      | Reached XP level 6. HP: 46/61 MP: 5/5
  2902 | D:4      | Noticed Natasha
  2910 | D:4      | Killed Natasha
  2917 | D:4      | Noticed Natasha
  2925 | D:4      | Killed Natasha
  3125 | D:5      | Entered Level 5 of the Dungeon
  3418 | D:5      | Reached XP level 7. HP: 68/68 MP: 6/6
  3438 | D:5      | Found a staircase to the Ecumenical Temple.
  3491 | Temple   | Entered the Ecumenical Temple
  3702 | Temple   | Became a worshipper of Gozag Ym Sagoz the Greedy
  3845 | D:5      | Found a glowing silver altar of Zin.
  4037 | D:5      | Found a glowing golden altar of the Shining One.
  4516 | D:6      | Noticed a two-headed ogre
  4538 | D:6      | HP: 2/71 [two-headed ogre/+0 giant club (22)]
  4539 | D:6      | Demolished by a two-headed ogre

Illustrated notes

Levels and vault maps discovered:
D:1:      dpeg_arrival_water_temple_mockup, layout_loops_ring, serial_shops,
          nicolae_shop_just_a_little_nook
D:2:      layout_basic, grunt_decor_arrowhead
D:3:      layout_loops_ring, pdpol_wu_jian_five_deadly_venoms, serial_shops,
          shop
D:4:      layout_basic, grunt_decor_fettered, uniq_natasha
D:5:      layout_loops_ring, tso_altar, old_standard_altar,
          minmay_temple_entry_poolview
D:6:      layout_gridville, uniq_blork_the_orc, uniq_edmund, uniq_pikel
Temple:   nicolae_temple_slightly_damp_pantheon

Skill      XL: |  1  2  3  4  5  6  7 |
---------------+----------------------+-----
Maces & Flails | 2 3 4 |  4.3
Shields        | 3 4 |  4.8
Dodging        | 3 4 |  4.4
Fighting       | 3 4 |  4.4

Action                     |  1- 3 |  4- 6 |  7- 9 || total
---------------------------+-------+-------+-------++-------
  Melee: Flail             |   109 |   193 |    92 ||   394
  Evoke: Wand              |       |     1 |       ||     1
    Use: Scroll            |     1 |    14 |     1 ||    16
         Potion            |       |     1 |     1 ||     2
 Armour: Robe              |    34 |    63 |    29 ||   126
  Dodge: Dodged            |    39 |    77 |    43 ||   159
  Block: Kite shield       |    52 |    75 |    33 ||   160
